 Dungeon Crawl Stone Soup version 0.31-a0-278-g485e682e34 (webtiles) character file.

Game seed: 11973351347012136361

13 AdnanSaban the Covered (level 2, -3/19 HPs)
             Began as a Gargoyle Fighter on July 16, 2023.
             Slain by a kobold
             ... wielding a +0 short sword
              (4 damage)
             ... on level 1 of the Dungeon.
             The game lasted 00:00:35 (254 turns).

AdnanSaban the Covered (Gargoyle Fighter)            Turns: 254, Time: 00:00:35

Health: -3/19      AC:  9    Str: 19    XL:     2   Next: 37%
Magic:  2/2        EV:  9    Int:  8    God:
Gold:   41         SH:  4    Dex:  9    Spells: 1/1 levels left

rFire   . . .        a - +0 flail
rCold   . . .        c - +0 buckler
rNeg    + . .        b - +0 scale mail
rPois   ∞            (no helmet)
rElec   +            (no cloak)
rCorr   .            (no gloves)
SInv    .            (no boots)
Will    .....        (no amulet) Stlth
                     (no ring)
HPRegen 0.23/turn    (no ring)
MPRegen 0.08/turn

%: no passive effects
@: no status effects
A: sickness immunity, AC +2, negative energy resistance 1, electricity
resistance, torment resistance 1, petrification resistance
a: no special abilities


You were on level 1 of the Dungeon.
You visited 1 branch of the dungeon, and saw 1 of its levels.

You collected 41 gold pieces.

Inventory:

Hand Weapons
 a - a +0 flail (weapon)
Armour
 b - a +0 scale mail (worn)
 c - a +0 buckler (worn)
Scrolls
 e - a scroll of identify {unknown}
Potions
 d - a potion of might


   Skills:
 + Level 3.5 Fighting
 + Level 2.2 Maces & Flails
 + Level 3.5 Armour
 + Level 3.5 Shields


You had one spell level left.
You didn't know any spells.
Your spell library was empty.

Dungeon Overview and Level Annotations

Branches:
Dungeon (1/15)

Altars:


Innate Abilities, Weirdness & Mutations

You are immune to sickness and miasma.
Your stone body is resilient. (AC +2)
You are immune to poison.
You resist negative energy. (rN+)
You are resistant to electric shocks. (rElec)
You are resistant to unholy torment.
You are immune to petrification.


Message History

The endoplasm freezes you.
You are frozen.
The kobold hits you with a +0 short sword.
You hit the endoplasm.
You kill the endoplasm!
The kobold barely misses you.
You barely miss the kobold. The kobold misses you.
The kobold hits you but does no damage.
You thump the worm!
The worm is severely wounded.
The kobold hits you with a +0 short sword.
The worm bites you.
* * * LOW HITPOINT WARNING * * *
You are too injured to fight recklessly!
You are too injured to fight recklessly!
You are too injured to fight recklessly!
You are too injured to fight recklessly!
You are too injured to fight recklessly!
You are too injured to fight recklessly!
You are too injured to fight recklessly!
You are too injured to fight recklessly!
You are too injured to fight recklessly!
You are too injured to fight recklessly!
You are too injured to fight recklessly!
You are too injured to fight recklessly!
You are too injured to fight recklessly!
You are too injured to fight recklessly!
You are too injured to fight recklessly!
You are too injured to fight recklessly!
You are too injured to fight recklessly!
You are too injured to fight recklessly!
You are too injured to fight recklessly!
You are too injured to fight recklessly!
You block the kobold's attack. The worm bites you.
* * * LOW HITPOINT WARNING * * *
The kobold hits you but does no damage. The kobold attacks as you move away!
The kobold hits you with a +0 short sword.
You die...

#........#.#≈≈~≈~≈
##
########.#.#######
..##
#..........#......
....#
#..)####......####
..... #...#
#####..##..
^.....#...#
#..##.#
......#...#
######..##..
..^...w.K.+
............
.>.....@..#
######..#.##
......#...#
#..#...
^^...##...#
#..#... ...^#
#...# #..#... #.##
#...+ ....... ..
....# ##.....#
....# #......
###.# ..... .#....


You could see a worm and a kobold.

Vanquished Creatures
  An endoplasm (D:1)
  2 goblins (D:1)
  A hobgoblin (D:1)
  2 quokkas (D:1)
  3 ball pythons (D:1)
  A bat (D:1)
  2 kobolds (D:1)
12 creatures vanquished.

Notes
Turn   | Place    | Note
-------+----------+-------------------------------------------
     0 | D:1      | AdnanSaban the Gargoyle Fighter began the quest for the
                  | Orb.
     0 | D:1      | Reached XP level 1. HP: 14/14 MP: 1/1
   184 | D:1      | Reached XP level 2. HP: 19/19 MP: 2/2
   254 | D:1      | Slain by a kobold

Illustrated notes

Levels and vault maps discovered:
D:1:      tarquinn_simple_flora_water_c, layout_basic, serial_shops, shop,
          nicolae_shop_temple_entry_statues_fountains,
          nicolae_shop_hallway_plus, nicolae_shop_peninsula, nicolae_wormholes

Action                     || total
---------------------------++-------
  Melee: Flail             ||    34
 Armour: Scale mail        ||    22
  Dodge: Dodged            ||    14
  Block: Buckler           ||     4

Table legend: (Time is in decaauts)
 A = Elapsed time spent in this place.
 B = Non-inter-level travel time spent in this place.
 C = Inter-level travel time spent in this place.
 D = Time resting spent in this place.
 E = Time spent auto-exploring this place.
 F = Levels seen in this place.
 G = Mean time per level.
                   A        B        C        D        E       F      G
               +--------+--------+--------+--------+--------+-----+--------+
         Total |    266 |    266 |      0 |      0 |    193 |   1 |  266.0 |
       Dungeon |    266 |    266 |      0 |      0 |    193 |   1 |  266.0 |
               +--------+--------+--------+--------+--------+-----+--------+

Top non-repeatable levels by time:
     D:1: 266 daAuts
